 Dungeon Crawl Stone Soup version 0.32-a0-995-gb4a59205af (webtiles) character file.

Game seed: 3926388159954303166

744 horus123 the Geomancer (level 7, -1/54 HPs)
             Began as a Deep Elf Earth Elementalist on Apr 23, 2024.
             Succumbed to a killer bee's poison
             ... on level 4 of the Dungeon.
             The game lasted 00:05:09 (3070 turns).

horus123 the Geomancer (DEEE)                       Turns: 3070, Time: 00:05:10

Health: -1/54      AC: 23    Str:  5    XL:     7   Next: 47%
Magic:  16/16      EV:  2    Int: 22    God:
Gold:   149        SH:  0    Dex: 15    Spells: 3/16 levels left

rFire   . . .        o - +1 dagger (drain)
rCold   . . .        (no shield)
rNeg    . . .        a - melded +0 robe
rPois   +            (helmet currently unavailable)
rElec   .            (cloak currently unavailable)
rCorr   .            t - melded +0 pair of gloves
SInv    .            (boots currently unavailable)
Will    .....        u - amulet of magic regeneration
Stlth   ++           (no ring)
HPRegen 0.29/turn    (no ring)
MPRegen 0.55/turn

%: no passive effects
@: lethally poisoned (-1 -> -9), tree-form, attractive
A: stationary, stasis, torment immunity, boosted hp
a: no special abilities


You were on level 4 of the Dungeon.
You were a tree.
You visited 1 branch of the dungeon, and saw 4 of its levels.

You collected 149 gold pieces.

Inventory:

Hand Weapons
 o - a +1 dagger of draining (weapon)
Armour
 a - a +0 robe (melded)
 t - a +0 pair of gloves (melded)
Jewellery
 u - an amulet of magic regeneration (around neck)
Wands
 v - a wand of digging (4)
Scrolls
 c - a scroll of noise {unknown}
 d - 4 scrolls of identify {unknown}
 e - a scroll of poison {unknown}
 g - a scroll of teleportation {unknown}
 k - a scroll of enchant weapon {unknown}
 l - 7 scrolls of fog {unknown}
 p - a scroll of amnesia {unknown}
 r - a scroll of fear {unknown}
Potions
 b - a potion of magic
 f - a potion of lignification
 h - a potion of haste {unknown}
 i - 3 potions of attraction
 j - a potion of degeneration {unknown}
 m - 2 potions of curing {unknown}
 n - a potion of resistance {unknown}
 q - a potion of brilliance {unknown}
 s - 2 potions of mutation {unknown}
 w - a potion of berserk rage {unknown}


   Skills:
 - Level 2.4 Dodging
 - Level 2.4 Stealth
 - Level 5.0 Spellcasting
 - Level 1.1 Conjurations
 + Level 4.5 Necromancy
 - Level 8.0 Earth Magic


You had 3 spell levels left.
You knew the following spells:

 Your Spells              Type           Power      Damage    Failure   Level
a - Sandblast             Erth           80%        2d17      1%          1
b - Stone Arrow           Conj/Erth      50%        3d10      4%          3
c - Borgnjor's Vile Clut  Necr/Erth      16%        N/A       22%         5
d - Petrify               Alch/Erth      23%        N/A       19%         4

Your spell library contained the following spells:

 Spells                   Type           Power      Damage    Failure   Level
 Passwall                 Erth           40%        N/A       1%          3
 Animate Dead             Necr           25%        N/A       16%         4
 Brom's Barrelling Bould  Conj/Erth      25%        2d5       16%         4
 Death Channel            Necr           12%        N/A       93%         6


Dungeon Overview and Level Annotations

Branches:
Dungeon (4/15)
 Temple: D:4-7

Altars:
Ashenzari
Cheibriados
Uskayaw

Annotations:
D:2 1 runed translucent door, Crazy Yiuf


Message History

A killer bee comes into view.
The killer bee barely misses you. The killer bee misses you.
The killer bee moves out of view.
Your Necromancy skill increases to level 4!
The blast of sand hits the killer bee!
The killer bee is severely wounded.
The killer bee barely misses you. x2
The blast of sand misses the killer bee.
The killer bee completely misses you. The killer bee stings you.
You are poisoned.
The killer bee poisons you! The killer bee barely misses you.
The killer bee stings you. The killer bee misses you.
The killer bee stings you but does no damage.
The blast of sand hits the killer bee!
You kill the killer bee!
You feel very sick.
The killer bee stings you but does no damage.
The killer bee stings you! The killer bee closely misses you.
You are too injured to fight recklessly!
You are too injured to fight recklessly!
Aiming: Sandblast (safe; 1% risk of failure)
Press: ? - help, Q - select action, (/) - cycle Shift-Dir - straight line, f - killer bee
Aim: a killer bee (69% to hit)
The blast of sand hits the killer bee!
The killer bee is heavily wounded.
You feel sick. The killer bee barely misses you. The killer bee stings you.
* * * LOW HITPOINT WARNING * * *
You are lethally poisoned!
The killer bee poisons you! The killer bee stings you!
* * * LOW HITPOINT WARNING * * *
It was a potion of lignification.
You turn into a tree.
Your +0 pair of gloves melds into your body.
Your +0 robe melds into your body.
Your roots penetrate the ground.
* * * LOW HITPOINT WARNING * * *
You feel very sick.
The killer bee stings you but does no damage.
The killer bee completely misses you.
It was a potion of attraction.
You feel attractive to monsters.
You die...

#############
#....##.....#
#........... #..........
#..... ... #....###y####
## #....##.♣...## ##.
#............# ..
#....##......# ..
#'#####......# ..
#.....#.....## ##
#.....#.....##.. ##.
#....##.....##.. #..
#....##.....##... ######.
#'#####..........##...##.


You could see a killer bee.

Vanquished Creatures
  Sigmund (D:2)
  A scorpion (D:4)
  3 killer bees (D:4)
  A bombardier beetle (D:3)
  2 orc priests (D:4)
  3 orc wizards (D:4)
  Robin (D:2)
  7 gnolls
  5 adders
  A dart slug (D:1)
  3 ribbon worms
  6 orcs
  4 endoplasms
  3 giant cockroaches
  14 goblins
  8 hobgoblins
  3 jackals (D:4)
  7 kobolds
  4 quokkas
  5 ball pythons
  3 bats
  5 frilled lizards
  8 rats
98 creatures vanquished.

Notes
Turn   | Place    | Note
-------+----------+-------------------------------------------
     0 | D:1      | horus123 the Deep Elf Earth Elementalist began the quest
                  | for the Orb.
     0 | D:1      | Reached XP level 1. HP: 10/10 MP: 6/6
   136 | D:1      | Reached XP level 2. HP: 15/15 MP: 5/9
   579 | D:2      | Reached skill level 5 in Spellcasting
   579 | D:2      | Reached XP level 3. HP: 13/19 MP: 4/11
   708 | D:2      | Reached skill level 4 in Earth Magic
   715 | D:2      | Noticed Sigmund
   718 | D:2      | Killed Sigmund
   719 | D:2      | Reached skill level 6 in Earth Magic
   719 | D:2      | Reached XP level 4. HP: 17/24 MP: 9/13
   719 | D:2      | Reached XP level 5. HP: 20/28 MP: 9/14
   725 | D:2      | Noticed Robin
   753 | D:2      | Killed Robin
  1354 | D:2      | Reached XP level 6. HP: 32/32 MP: 13/15
  1442 | D:2      | Found a runed translucent door.
  1443 | D:2      | Noticed Crazy Yiuf
  1783 | D:3      | Found a broken altar of Ashenzari.
  1937 | D:3      | Found a hide-covered altar of Uskayaw.
  1957 | D:3      | Found a faded altar of an unknown god.
  2040 | D:3      | Reached skill level 7 in Earth Magic
  2561 | D:4      | HP: 1/32 [gnoll/+0 halberd (3)]
  2803 | D:4      | Learned a level 3 spell: Stone Arrow
  2809 | D:4      | Learned a level 5 spell: Borgnjor's Vile Clutch
  2814 | D:4      | Learned a level 4 spell: Petrify
  2831 | D:4      | Reached skill level 8 in Earth Magic
  2833 | D:4      | Reached skill level 1 in Necromancy
  2833 | D:4      | Reached XP level 7. HP: 36/36 MP: 14/16
  2921 | D:4      | Found a snail-covered altar of Cheibriados.
  3069 | D:4      | HP: 1/54 [poisoned by a killer bee]
  3070 | D:4      | Succumbed to a killer bee's poison

Illustrated notes

Levels and vault maps discovered:
D:1:      spicycebolla_arrival_clurvy, layout_basic,
          chequers_serial_rivers_room_a
D:2:      layout_loops_cross, uniq_crazy_yiuf_cottage, uniq_sigmund, uniq_robin
D:3:      layout_loops_cross, nicolae_uskayaw_suspiria,
          nicolae_ashenzari_skybound, hellmonk_ecumenical_altar_leap_of_faith
D:4:      layout_gridville, mainiacjoe_overflow_concentric_impassable,
          guppyfry_early_orc_mine

Skill      XL: |  1  2  3  4  5  6  7 |
---------------+----------------------+-----
Spellcasting   | 4 5 |  5.0
Earth Magic    | 6 8 |  8.0
Necromancy     | 1 4 |  4.5
Dodging        | |  2.4
Stealth        | |  2.4
Conjurations   | |  1.1

Action                     |  1- 3 |  4- 6 |  7- 9 || total
---------------------------+-------+-------+-------++-------
   Cast: Sandblast         |    41 |    70 |    26 ||   137
    Use: Potion            |       |       |     2 ||     2
 Armour: Robe              |     6 |    14 |     8 ||    28
         Skin              |       |       |     1 ||     1
  Dodge: Dodged            |     7 |    21 |    15 ||    43

Table legend: (Time is in decaauts)
 A = Elapsed time spent in this place.
 B = Non-inter-level travel time spent in this place.
 C = Inter-level travel time spent in this place.
 D = Time resting spent in this place.
 E = Time spent auto-exploring this place.
 F = Levels seen in this place.
 G = Mean time per level.
                   A        B        C        D        E       F      G
               +--------+--------+--------+--------+--------+-----+--------+
         Total |   3142 |   3062 |     80 |    519 |   2053 |   4 |  785.5 |
       Dungeon |   3142 |   3062 |     80 |    519 |   2053 |   4 |  785.5 |
               +--------+--------+--------+--------+--------+-----+--------+

Top non-repeatable levels by time:
     D:3: 1270 daAuts
     D:2: 982 daAuts
     D:1: 541 daAuts
     D:4: 348 daAuts
